 Dungeon Crawl Stone Soup version 0.22-a0-284-g99d1f74 (webtiles) character file.

61 grindst0ne the Digger (level 3, -1/19 HPs)
             Began as a Deep Elf Earth Elementalist on Mar 21, 2018.
             Slain by a goblin (4 damage)
             ... led by Robin
             ... on level 1 of the Dungeon.
             The game lasted 00:02:38 (1170 turns).

grindst0ne the Digger (Deep Elf Earth Elementalist) Turns: 1170, Time: 00:02:39

Health: -1/19      AC:  2    Str:  5    XL:     3   Next: 83%
Magic:  0/10       EV: 13    Int: 20    God:
Gold:   102        SH:  0    Dex: 15    Spells: 4/10 levels left

rFire    . . .     SeeInvis .   g - +0 dagger
rCold    . . .     Gourm    .   (no shield)
rNeg     . . .     Faith    .   c - +0 robe
rPois    .         Spirit   .   (no helmet)
rElec    .         Reflect  .   (no cloak)
rCorr    .         Harm     .   (no gloves)
MR       .....                  (no boots)
Stlth    ++........             (no amulet)
HPRegen  0.06/turn              (no ring)
MPRegen  0.12/turn              (no ring)

@: very slightly contaminated
A: no striking features
a: no special abilities


You were on level 1 of the Dungeon.
You were not hungry.

You visited 1 branch of the dungeon, and saw 2 of its levels.

You collected 102 gold pieces.

Inventory:

Hand Weapons
 g - a +0 dagger (weapon)
Armour
 c - a +0 robe (worn)
Scrolls
 e - 2 scrolls of enchant armour {unknown}
 f - a scroll of remove curse {unknown}
 h - a scroll of random uselessness {unknown}
 k - 2 scrolls of identify {unknown}
Potions
 a - a potion of curing {unknown}
 i - a potion of ambrosia {unknown}
Comestibles
 d - 3 rations
 j - 3 chunks of flesh


   Skills:
 - Level 2.4 Dodging
 - Level 2.4 Stealth
 - Level 4.0 Spellcasting
 - Level 1.1 Transmutations
 + Level 4.7 Earth Magic


You had 4 spell levels left.
You knew the following spells:

 Your Spells              Type           Power        Failure   Level  Hunger
a - Sandblast             Erth           ###...       1%          1    None
b - Stone Arrow           Conj/Erth      ##....       14%         3    ###....
c - Passwall              Tmut/Erth      ###.......   6%          2    #......


Dungeon Overview and Level Annotations

Branches:
Dungeon (2/15)

Altars:

Annotations:
D:2 Robin


Message History

You are very lightly contaminated with residual magic.
You feel momentarily lethargic. The goblin hits you with a dagger.
The goblin hits you.
Casting: Stone Arrow (safe; 14% risk of failure)
Confirm with . or Enter, or press ? or * to list all spells.
Aiming: Stone Arrow (safe; 14% risk of failure)
Press: ? - help, Shift-Dir - straight line, f/p - goblin
Aim: a goblin (unusually strong)
The stone arrow misses the goblin.
The goblin hits you with a dagger.
* * * LOW HITPOINT WARNING * * *
The goblin barely misses you.
Casting: Stone Arrow (safe; 14% risk of failure)
Confirm with . or Enter, or press ? or * to list all spells.
Aiming: Stone Arrow (safe; 14% risk of failure)
Press: ? - help, Shift-Dir - straight line, f/p - goblin
Aim: a goblin (unusually strong)
The stone arrow misses the goblin.
The goblin barely misses you. The goblin misses you.
The goblin completely misses you. The goblin hits you.
You die...

#.#.##........#.#.# #.# #.......
#.#[##..........#.# #.####...#.#.
#.#.#########.###.###...##.......
#.#.........#.........#.##...#...
..#########.#.###......รท.........
### #.#.# #####..####..#.#. #
#.#.##### #..# #....... #
#.#.#.g.# #..# #>..#.#. #.#...@>#
#..# #....#.. #.###.g)# #..#
#...#.#. #.# ##.## #..# #.......
#.# #.# #..###....... #)#
#.####.........### #.#
#................. #########.#
######......###### #.........#
######## # #.######### #


You could see 2 goblins.

Vanquished Creatures
  An adder (D:2)
  An ooze (D:2)
  2 worms (D:2)
  A dart slug (D:2)
  3 leopard geckos
  4 bats
  A giant cockroach (D:1)
  6 goblins
  8 hobgoblins
  3 frilled lizards (D:1)
  2 kobolds (D:2)
  4 rats
36 creatures vanquished.

Notes
Turn   | Place    | Note
-------+----------+-------------------------------------------
     0 | D:1      | grindst0ne the Deep Elf Earth Elementalist began the quest for the Orb.
     0 | D:1      | Reached XP level 1. HP: 10/10 MP: 6/6
   149 | D:1      | Reached XP level 2. HP: 15/15 MP: 4/8
   619 | D:2      | Reached XP level 3. HP: 6/19 MP: 2/10
   636 | D:2      | Learned a level 3 spell: Stone Arrow
   639 | D:2      | Learned a level 2 spell: Passwall
   954 | D:2      | Noticed Robin
  1170 | D:1      | Slain by a goblin

Vault maps used:
D:1:      dpeg_arrival_stone_temple_mockup, minmay_misc_feat_cross,
          minmay_misc_feat_chi, hangedman_decor_riveting
D:2:      uniq_robin

Skill      XL: |  1  2 |
---------------+-------+-----
Spellcasting   | 4 |  4.0
Earth Magic    | 4 |  4.7
Dodging        | |  2.4
Stealth        | |  2.4
Transmutations | |  1.1

Action                   || total
-------------------------++-------
Melee: Unarmed           ||     1
       Dagger            ||     5
 Cast: Sandblast         ||    46
       Stone Arrow       ||     2
  Eat: Chunk             ||     1
Armor: Robe              ||     3
Dodge: Dodged            ||    27

Table legend:
 A = Spawn XP
 B = Non-spawn XP
 C = Spawn XP percentage of total XP
 D = Spawn monster count
 E = Non-spawn monster count
 F = Spawn count percentage of total count
 G = Total turns spent on level
                    A         B        C        D         E        F      G
               +---------+---------+-------+---------+---------+-------+---------
         Total |       0 |      88 |   0.0 |       0 |      36 |   0.0 |  1170
               +---------+---------+-------+---------+---------+-------+---------
           D:1 |       0 |      37 |   0.0 |       0 |      21 |   0.0 |   790
           D:2 |       0 |      51 |   0.0 |       0 |      15 |   0.0 |   380
               +---------+---------+-------+---------+---------+-------+---------
